 Dungeon Crawl Stone Soup version 0.19-a0-1834-g6b7851e (webtiles) character file.

27285 4thArraOfDagon the Grappler (level 13, 0/120 HPs)
             Began as a Troll Necromancer on Oct 9, 2016.
             Was a High Priest of Okawaru.
             Slain by a hill giant
             ... wielding a +0 giant club
              (30 damage)
             ... on level 2 of the Orcish Mines.
             The game lasted 00:27:40 (5447 turns).

4thArraOfDagon the Grappler (Troll Necromancer)     Turns: 5447, Time: 00:27:41

Health: 0/120      AC:  9    Str: 21    XL:     13   Next: 3%
Magic:  18/18      EV: 16    Int: 19    God:    Okawaru [*****.]
Gold:   113        SH:  0    Dex: 12    Spells: 1 memorised, 11 levels left

rFire  . . .     SeeInvis .       - Unarmed
rCold  . . .     Gourm    +     i - +0 robe (curse)
rNeg   . . .     Faith    .     (no shield)
rPois  .         Spirit   .     k - +2 hat {MR+}
rElec  .         Dismiss  .     (no cloak)
rCorr  .         Reflect  .     (gloves unavailable)
MR     +....     Harm     .     (boots unavailable)
Stlth  +++....... Clarity  +    p - amulet of the gourmand
                                (no ring)
                                t - +2 ring of dexterity

@: heroism
A: unfitting armour, antennae 2, claws 3, hooves 1, thin metallic scales 1,
clarity, clever 2, deformed body, fast metabolism 3, gourmand, regeneration 1,
shaggy fur 2, strong 1, tough skin 2, no device heal 1, MP-powered wands
a: Heroism, Finesse, Renounce Religion


You were on level 2 of the Orcish Mines.
You worshipped Okawaru.
Okawaru was extremely pleased with you.
You were completely stuffed.

You visited 3 branches of the dungeon, and saw 18 of its levels.

You collected 822 gold pieces.
You spent 709 gold pieces at shops.

Inventory:

Hand Weapons
 q - a +0 giant spiked club
 z - the +7 dagger "Hydraslayer" {drain, -Tele Int+4 Dex+7, unknown}
   (You found it on level 9 of the Dungeon)

   A truly terrible weapon, it drains the life of those it strikes.
   It affects your intelligence (+4).
   It affects your dexterity (+7).
   It prevents most forms of teleportation.
 F - the +1 fustibalus "Nasekeeq" {flame, Str+6 SInv Stlth+, unknown}
   (Okawaru gifted it to you on level 13 of the Dungeon)

   It causes projectiles fired from it to burn those they strike, causing extra
   injury to most foes and up to half again as much damage against particularly
   susceptible opponents.
   It affects your strength (+6).
   It lets you see invisible.
   It makes you more stealthy.
 H - the +11 triple crossbow of Otyghi {elec, rF- rN+ Str-4 Dex+7, unknown}
   (Okawaru gifted it to you on level 14 of the Dungeon)

   It charges the ammunition it shoots with electricity; occasionally upon a
   hit, such missiles may discharge and cause terrible harm.
   It affects your strength (-4).
   It affects your dexterity (+7).
   It makes you vulnerable to fire.
   It protects you from negative energy.
 K - the cursed +2 long sword "Iffeofri" {slice, rElec rC- SInv Stlth+, unknown}
   (You found it on level 12 of the Dungeon)

   It inflicts extra damage upon your enemies.
   It makes you vulnerable to cold.
   It insulates you from electricity.
   It lets you see invisible.
   It makes you more stealthy.
   It has a curse placed upon it.
Missiles
 B - 4 large rocks
 C - 3 poisoned javelins (quivered)
 J - a throwing net
 M - 3 poisoned tomahawks
Armour
 a - a +0 robe
 e - a +0 robe of resistance
 i - a cursed +0 robe (worn)
 k - a +2 hat of magic resistance (worn)
 l - a +1 robe of magic resistance
 L - a troll hide
Magical Staves
 I - an uncursed staff of cold
Jewellery
 p - an amulet of the gourmand (around neck)
 t - a +2 ring of dexterity (left claw)
Wands
 d - a wand of polymorph (9/24)
 g - a wand of confusion (13/48)
 j - a wand of flame (0/48)
 r - a wand of polymorph (14/24)
 s - a wand of iceblast (9/15)
 w - a wand of polymorph (11/24)
 x - a wand of iceblast (6/15)
 A - a wand of paralysis (22/24)
Scrolls
 m - a scroll of amnesia
 n - a scroll of fog
 o - a scroll of magic mapping
 y - 3 scrolls of teleportation
 D - a scroll of recharging
 N - a scroll of enchant armour
 O - 5 scrolls of identify
Potions
 f - 5 potions of curing
 v - a potion of berserk rage
 E - a potion of cancellation
 G - a potion of degeneration
 Q - a potion of lignification
Books
 b - a book of Necromancy

   Spells                             Type                      Level
   a - Pain                           Necromancy                   1
   b - Animate Skeleton               Necromancy                   1
   c - Vampiric Draining              Necromancy                   3
   d - Regeneration                   Charms/Necromancy            3
   e - Animate Dead                   Necromancy                   4
   f - Control Undead                 Necromancy                   4
Miscellaneous
 u - a lamp of fire
Comestibles
 c - 7 bread rations
 h - 4 meat rations


   Skills:
 + Level 6.1(11.1) Fighting
 + Level 6.6(11.6) Dodging
 - Level 1.0(6.0) Stealth
 * Level 14.6(19.6) Unarmed Combat
 - Level 1.2 Spellcasting
 - Level 3.2 Necromancy
 + Level 8.2 Invocations
 - Level 6.3 Evocations


You had 11 spell levels left.
You knew the following spells:

 Your Spells              Type           Power        Failure   Level  Hunger
b - Regeneration          Chrm/Necr      #.........   34%         3    ####...


Dungeon Overview and Level Annotations

Branches:
Dungeon (15/15)            Temple (1/1) D:5             Orc (2/2) D:11
 Vaults (0/5) D:14
   Lair: D:8-11         Elf: Orc:2       Depths: D:15

Altars:
Ashenzari
Cheibriados
Dithmenos
Elyvilon
Fedhas
Gozag
Hepliaklqana
Kikubaaqudgha
Makhleb
Nemelex Xobeh
Okawaru
Qazlal
Ru
Sif Muna
Trog
Uskayaw
Vehumet
Yredelemnul
Zin
The Shining One

Shops:
D:7 (   D:9 :   D:10 *%   Orc:2 !%?}

Annotations:
D:4 Edmund
D:10 4thArraOfDagon's ghost, novice TrNe; Snorg


Innate Abilities, Weirdness & Mutations

You are too large for most types of armour.
You have claws for hands.
Your metabolism is lightning-fast.
You like to eat raw meat.
Your natural rate of healing is unusually fast.
You are covered in thick fur. (AC +2)
You have very tough skin. (AC +2)
You have a pair of antennae on your head.
You have large cloven feet.
You are partially covered in thin metallic scales. (AC +2)
You possess an exceptional clarity of mind.
Your mind is very acute. (Int +4)
Armour fits poorly on your strangely shaped body.
Your muscles are strong. (Str +2)
Potions and wands are less effective at restoring your health.
You expend magic power (3 MP) to strengthen your wands.


Message History

You kick the hill giant, but do no damage.
You claw the hill giant.
The hill giant is heavily wounded.
The orc wizard mumbles some strange words.
The orc wizard flickers and vanishes!
Deactivating autopickup; reactivate with Ctrl-A.
You claw the hill giant!
You kick the hill giant, but do no damage.
The hill giant is heavily wounded.
The orc priest mumbles some strange prayers to Beogh against you.
Beogh smites you!
* * * LOW HITPOINT WARNING * * *
Unknown command.
Unknown command.
Unknown command.
You claw the hill giant!
You kick the hill giant, but do no damage.
The hill giant is severely wounded.
The hill giant hits you with a giant club!!
You die...

#...................#########
.................)#)..#....#..
........................∩.....
..................∩...........
.............................∩
.............................
............................
...........................
..$......@.....∩..........
..........C......#....##..
.........O...############.
.$...$.##.....# ## .......
.......# ....... oo.{.....
....... .........
................. .... ...#..#


You could see a hill giant, an ogre, an orc priest and an orc wizard.

Vanquished Creatures
  Gastronok (D:12)
  Erolcha (D:9)
  Fannar (D:12)
  A centaur warrior (D:12)
  2 dancing weapons (D:14)
  A tengu warrior (D:14)
  2 ogre magi (Orc:2)
  An unseen horror (D:13)
  A deep troll (Orc:2)
  4 hill giants
  An orc knight (D:11)
  An orc sorcerer (Orc:1)
  2 cyclopes
  2 ugly things
  2 centaur zombies
  A tengu conjurer (D:14)
  10 trolls
  7 two-headed ogres
  3 hippogriffs
  2 vampires
  3 wyverns
  7 yaks
  A wraith (D:12)
  4 hogs (D:7)
  A human (D:7)
  A hungry ghost (D:13)
  4 vampire mosquitoes (D:11)
  2 wargs (Orc:2)
  2 water moccasins
  6 orc warriors
  2 black bears
  An ice beast (D:10)
  4 sky beasts
  19 ogres
  2 phantoms (D:9)
  5 centaurs
  A crocodile (D:11)
  A big kobold (D:9)
  Blork the orc (D:4)
  2 bullfrogs
  2 scorpions
  An electric eel (D:8)
  4 howler monkeys
  4 crimson imps
  2 bullfrog zombies
  14 orc priests
  4 hounds
  2 jellies
  9 orc wizards
  5 centaur skeletons
  A gnoll shaman (D:11)
  Jessica (D:2)
  2 iguanas (D:11)
  10 worker ants
  A hound zombie (D:8)
  2 hound skeletons
  Robin (D:4)
  10 gnolls
  3 adders
  4 shadow imps
  An ooze (D:4)
  A worm (D:3)
  3 leopard geckos
  49 orcs
  8 goblins
  6 hobgoblins
  2 jackals (D:6)
  2 quokkas
  2 frilled lizards (D:4)
  A jackal skeleton (D:8)
  7 kobolds (D:9)
  A leopard gecko zombie (D:7)
  A quokka skeleton (D:6)
  3 rats (D:3)
284 creatures vanquished.

Notes
Turn   | Place    | Note
-------+----------+-------------------------------------------
     0 | D:1      | 4thArraOfDagon the Troll Necromancer began the quest for the Orb.
     0 | D:1      | Reached XP level 1. HP: 16/16 MP: 1/1
    12 | D:2      | Noticed Jessica
    19 | D:2      | Killed Jessica
    19 | D:2      | Reached skill level 2 in Unarmed Combat
    19 | D:2      | Reached XP level 2. HP: 24/24 MP: 2/2
    34 | D:2      | Found an opulent altar of Gozag.
    64 | D:3      | Reached XP level 3. HP: 27/31 MP: 3/3
   169 | D:3      | Found a hide-covered altar of Uskayaw.
   193 | D:3      | Reached skill level 3 in Unarmed Combat
   377 | D:4      | Noticed Blork the orc
   397 | D:4      | Killed Blork the orc
   397 | D:4      | Reached skill level 4 in Unarmed Combat
   397 | D:4      | Reached XP level 4. HP: 11/39 MP: 4/4
   447 | D:5      | Entered Level 5 of the Dungeon
   474 | D:5      | Reached XP level 5. HP: 44/45 MP: 5/5
   518 | D:4      | Noticed Edmund
   618 | D:7      | Found a basalt altar of Yredelemnul.
   632 | D:6      | Noticed a centaur
   640 | D:6      | Killed a centaur
   640 | D:6      | Reached skill level 5 in Unarmed Combat
   685 | D:5      | Noticed a water moccasin
   692 | D:5      | Noticed an ogre
   697 | D:5      | Killed an ogre
   697 | D:5      | Reached skill level 6 in Unarmed Combat
   697 | D:5      | Reached XP level 6. HP: 44/53 MP: 6/6
   903 | D:7      | Reached skill level 7 in Unarmed Combat
   931 | D:7      | Reached XP level 7. HP: 45/59 MP: 7/7
   943 | D:7      | Found Kodur's Weapon Boutique.
  1212 | D:6      | Reached skill level 8 in Unarmed Combat
  1300 | D:5      | Found a staircase to the Ecumenical Temple.
  1310 | Temple   | Entered the Ecumenical Temple
  1327 | Temple   | Became a worshipper of Warmaster Okawaru
  1379 | D:5      | Reached skill level 1 in Invocations
  1411 | D:4      | Noticed Robin
  1433 | D:4      | Killed Robin
  1558 | D:6      | Reached skill level 9 in Unarmed Combat
  1558 | D:6      | Reached XP level 8. HP: 37/67 MP: 8/8
  1607 | D:6      | You fall through a shaft for 3 floors!
  1677 | D:8      | Found a white marble altar of Elyvilon.
  1760 | D:10     | Entered Level 10 of the Dungeon
  1771 | D:9      | Reached * piety under Okawaru
  1812 | D:10     | Noticed a hill giant
  1837 | D:10     | Killed a hill giant
  1837 | D:10     | Reached ** piety under Okawaru
  1837 | D:10     | Reached skill level 10 in Unarmed Combat
  1854 | D:10     | Learned a level 3 spell: Regeneration
  1862 | D:10     | Found Hegil's Food Emporium.
  1884 | D:10     | Noticed Snorg
  1938 | D:9      | Found a sacrificial altar of Ru.
  1977 | D:9      | Reached XP level 9. HP: 59/75 MP: 8/11
  1995 | D:9      | Reached skill level 1 in Fighting
  2083 | D:8      | Reached *** piety under Okawaru
  2083 | D:8      | Reached skill level 11 in Unarmed Combat
  2133 | D:8      | Gained mutation: You have a pair of small antennae on your head. [mutagenic meat]
  2136 | D:8      | Gained mutation: You possess an exceptional clarity of mind. [mutagenic meat]
  2139 | D:8      | Gained mutation: Your mind is acute. (Int +2) [mutagenic meat]
  2142 | D:8      | Gained mutation: You are covered in thick fur. (AC +2) [mutagenic meat]
  2145 | D:8      | Gained mutation: Your spells are a little easier to cast, but a little less powerful. [mutagenic meat]
  2266 | D:7      | Reached skill level 5 in Invocations
  2469 | D:8      | Reached XP level 10. HP: 87/91 MP: 12/12
  2531 | D:9      | Reached **** piety under Okawaru
  2546 | D:9      | Got a sapphire dagger
  2599 | D:9      | Found Ziyhixto's Book Shoppe.
  2603 | D:9      | RIP
  2648 | D:9      | Found a stormy altar of Qazlal.
  2648 | D:9      | Found a bloodstained altar of Trog.
  2775 | D:9      | Found a burning altar of Makhleb.
  2775 | D:9      | Found a snail-covered altar of Cheibriados.
  2817 | D:9      | Found a deep blue altar of Sif Muna.
  2838 | D:9      | Noticed Erolcha
  2848 | D:9      | Killed Erolcha
  2848 | D:9      | Reached skill level 12 in Unarmed Combat
  2920 | D:10     | Lost mutation: Your mind is acute. (Int +2) [potion of mutation]
  2920 | D:10     | Lost mutation: Your spells are a little easier to cast, but a little less powerful. [potion of mutation]
  2920 | D:10     | Gained mutation: Armour fits poorly on your strangely shaped body. [potion of mutation]
  2921 | D:10     | Lost mutation: You possess an exceptional clarity of mind. [potion of mutation]
  2921 | D:10     | Gained mutation: You have a pair of antennae on your head. [potion of mutation]
  2966 | D:10     | Reached ***** piety under Okawaru
  2975 | D:10     | Reached skill level 1 in Evocations
  3019 | D:10     | Found Ibla's Assorted Antiques.
  3066 | D:10     | Bought a scroll of magic mapping for 105 gold pieces
  3066 | D:10     | Bought a square cameo amulet for 150 gold pieces
  3104 | D:10     | Noticed 4thArraOfDagon's ghost (novice TrNe)
  3201 | D:11     | Noticed a seven-headed hydra
  3269 | D:11     | Received a gift from Okawaru
  3554 | D:11     | Found a staircase to the Orcish Mines.
  3669 | D:12     | Noticed a green ugly thing
  3675 | D:12     | Killed a green ugly thing
  3675 | D:12     | Reached XP level 11. HP: 58/100 MP: 11/14
  3682 | D:12     | Gained mutation: You have large cloven feet. [mutagenic meat]
  3685 | D:12     | Gained mutation: Your mind is acute. (Int +2) [mutagenic meat]
  3718 | D:12     | Noticed Gastronok
  3782 | D:12     | Noticed a hill giant
  3818 | D:12     | Killed Gastronok
  3818 | D:12     | Reached skill level 5 in Dodging
  3835 | D:12     | Killed a hill giant
  3835 | D:12     | Reached skill level 13 in Unarmed Combat
  3956 | D:13     | Received a gift from Okawaru
  3958 | D:13     | Got an ebony fustibalus {god gift}
  3966 | D:13     | Noticed a hill giant
  3977 | D:13     | Killed a hill giant
  4017 | D:13     | Killed an unseen horror
  4094 | D:14     | Noticed an enchanted long sword
  4102 | D:14     | Killed an enchanted long sword
  4102 | D:14     | Reached skill level 5 in Fighting
  4107 | D:14     | Noticed an enchanted long sword
  4108 | D:14     | Killed an enchanted long sword
  4118 | D:14     | Found a gate to the Vaults.
  4146 | D:14     | Gained mutation: You expend magic power (3 MP) to strengthen your wands. [mutagenic meat]
  4152 | D:14     | Gained mutation: You are partially covered in thin metallic scales. (AC +2) [mutagenic meat]
  4159 | D:14     | Noticed a tengu warrior
  4166 | D:14     | Killed a tengu warrior
  4178 | D:14     | Received a gift from Okawaru
  4178 | D:14     | Reached XP level 12. HP: 97/111 MP: 9/16
  4182 | D:14     | Got a twisted triple crossbow {god gift}
  4266 | D:15     | Entered Level 15 of the Dungeon
  4470 | D:12     | Noticed Fannar
  4493 | D:12     | Killed Fannar
  4493 | D:12     | Reached skill level 5 in Evocations
  4567 | D:12     | Noticed a centaur warrior
  4597 | D:12     | Killed a centaur warrior
  4641 | D:12     | Got a polished long sword
  4767 | Orc:1    | Entered Level 1 of the Orcish Mines
  4932 | Orc:1    | Reached skill level 14 in Unarmed Combat
  5045 | Orc:2    | Entered Level 2 of the Orcish Mines
  5241 | Orc:2    | Noticed an ogre mage
  5266 | Orc:2    | Killed an ogre mage
  5300 | Orc:2    | Noticed an ogre mage
  5307 | Orc:2    | Killed an ogre mage
  5363 | Orc:2    | Reached XP level 13. HP: 29/120 MP: 12/18
  5396 | Orc:2    | Found Utuygrac's Distillery.
  5397 | Orc:2    | Found Ypho's Magic Scroll Boutique.
  5399 | Orc:2    | Found Ruthrahe's Food Emporium.
  5408 | Orc:2    | Found Zil Raa's Gadget Shoppe.
  5421 | Orc:2    | Bought a scroll of enchant armour for 105 gold pieces
  5421 | Orc:2    | Bought a scroll of identify for 28 gold pieces
  5421 | Orc:2    | Bought 3 scrolls of identify for 84 gold pieces
  5421 | Orc:2    | Bought a scroll of identify for 28 gold pieces
  5432 | Orc:2    | Bought a potion of mutation for 37 gold pieces
  5432 | Orc:2    | Bought a potion of mutation for 37 gold pieces
  5432 | Orc:2    | Bought a potion of lignification for 45 gold pieces
  5432 | Orc:2    | Bought a potion of curing for 45 gold pieces
  5432 | Orc:2    | Bought a potion of curing for 45 gold pieces
  5434 | Orc:2    | Gained mutation: You possess an exceptional clarity of mind. [potion of mutation]
  5434 | Orc:2    | Gained mutation: Your mind is very acute. (Int +4) [potion of mutation]
  5435 | Orc:2    | Gained mutation: Potions and wands are less effective at restoring your health. [potion of mutation]
  5435 | Orc:2    | Gained mutation: Your muscles are strong. (Str +2) [potion of mutation]
  5447 | Orc:2    | Slain by a hill giant

Vault maps used:
D:1:      onia_arrival_handbag
D:2:      old_standard_altar, tgw_xom, uniq_jessica
D:3:      wad_pebble_path, old_standard_altar
D:4:      uniq_edmund, uniq_robin, uniq_duvessa, uniq_blork_the_orc
D:5:      first_bread
D:7:      yredelemnul_altar_generic, serial_shops, nicolae_shop_crystal,
          grunt_livestock
D:8:      elyvilon_altar_4, minivault_14, st_stairs_5, minivault_11
D:9:      marbit_many_paths, gammafunk_temple_overflow_wave,
          kennysheep_mini_moat, gammafunk_temple_overflow_elements,
          serial_shops, nicolae_shop_crystal, small_statue_alley_b,
          kennysheep_potato, uniq_erolcha
D:10:     dpeg_lair_monsters, serial_shops,
          nicolae_shop_temple_entry_statues_fountains,
          nicolae_shop_behind_doors, shop, uniq_snorg
D:11:     minmay_orc_entry_temple_small
D:12:     minmay_misc_feat_columns, uniq_fannar, uniq_gastronok
D:13:     kennysheep_generic_room_7, uniq_sonja, uniq_kirke
D:14:     erik_vaults_1, okawaru_ov_weapons_minmay
D:15:     hangedman_depths_entry_try_elsewhere_first, basic_altar,
          fedhas_altar_2, uniq_louise
Temple:   eino_temple_lava
Orc:1:    uniq_harold
Orc:2:    st_orc_open

Skill      XL: |  1  2  3  4  5  6  7  8  9 10 11 12 |
---------------+-------------------------------------+-----
Unarmed Combat | 2 4 6 7 9 10 11 12 13 14 | 14.6
Invocations    | 1 4 5 6 7 8 |  8.2
Dodging        | 3 4 5 6 |  6.6
Fighting       | 3 4 5 6 |  6.1
Evocations     | 2 4 6 |  6.3
Stealth        | |  1.0
Spellcasting   | |  1.2
Necromancy     | |  3.2

Action                   |  1- 3 |  4- 6 |  7- 9 | 10-12 | 13-15 || total
-------------------------+-------+-------+-------+-------+-------++-------
Melee: Unarmed           |    53 |    57 |   247 |   546 |    10 ||   913
       Punch             |     1 |     1 |     7 |    54 |     2 ||    65
       Kick              |       |       |       |   105 |     5 ||   110
Throw: Javelin           |       |       |       |     8 |       ||     8
       Tomahawk          |       |       |       |     3 |       ||     3
Invok: Heroism           |       |       |     2 |    30 |     1 ||    33
       Finesse           |       |       |       |    11 |       ||    11
Evoke: Wand              |       |     2 |     8 |     4 |       ||    14
  Use: Potion            |     2 |       |       |    11 |     2 ||    15
       Scroll            |       |     4 |     4 |    10 |       ||    18
 Stab: Sleeping          |     1 |     1 |     1 |     3 |       ||     6
       Confused          |       |       |     1 |     1 |       ||     2
       Distracted        |       |       |       |     2 |       ||     2
  Eat: Chunk             |     7 |     7 |    16 |    37 |     1 ||    68
       Beef jerky        |       |       |     1 |       |       ||     1
Armor: Robe              |     9 |    17 |    69 |    94 |       ||   189
       Skin              |       |       |     2 |       |       ||     2
Dodge: Dodged            |    19 |    33 |   101 |   278 |     1 ||   432
